[Event "*** Titled Tuesday Blitz"]
[Site "Chess.com"]
[Date "2021.03.02"]
[Round "2"]
[White "Oligan22"]
[Black "NTBT_DHS"]
[Result "1-0"]
[WhiteElo "2532"]
[BlackElo "2766"]
[TimeControl "180+1"]
[EndTime "10:18:56 PST"]
[Termination "Oligan22 won by resignation"]

1. e4 g6 2. d4 Bg7 3. Nc3 d6 4. f4 Nd7 5. Nf3 c5 6. d5 Ngf6 7. a4 O-O 8. Bc4 a6 9. a5 b5 10. axb6 Nxb6 11. Bd3 e6 12. dxe6 Bxe6 13. O-O c4 14. Be2 d5 15. e5 Ne4 16. Nd4 Qd7 17.
Bf3 Nxc3 18. bxc3 Rfd8 19. Be3 Na4 20. Qd2 Nc5 21. Ra5 Ne4 22. Bxe4 dxe4 23. Rfa1 Qb7 24. Qe2 Bd5 25. h3 f6 26. e6 f5 27. Qe1 Re8 28. Rb1 Bxd4 29. Rxb7 Bxe3+ 30. Qxe3 Bxb7 31. Qb6 Re7 32. Rc5 Rae8 33. Kf2 e3+ 34. Ke2 Bxg2 35. Re5 Be4 36. Qxa6 Bxc2 37. Qxc4 Be4 38. Kxe3 Kg7 39. Qd4 Kg8 40. Qd6 Bg2 41. h4 Bf1 42. Kd4 Bg2 43. c4 Kf8 44. c5 Rc8 45. Kc4 Bf1+ 46. Kc3 Ke8 47. Rd5 Bb5 48. Rd2 Kf8 49. Qd4 Kg8 50.
Qd6 Kf8 51. h5 Be8 52. hxg6 Bxg6 53. Rg2 Re8 54. Re2 Rc8 55. Kd4 Ke8 56. Ke5 Rec7 57. Kf6 Rb7 58. Rb2 Rbc7 59. c6 Bh5 60. Rb7 Rxb7 61. cxb7 1-0

[Event "*** Titled Tuesday Blitz"]
[Site "Chess.com"]
[Date "2021.03.02"]
[Round "2"]
[White "Sjakkerntobi"]
[Black "GelmanAlexander"]
[Result "1/2-1/2"]
[WhiteElo "2318"]
[BlackElo "2545"]
[TimeControl "180+1"]
[EndTime "10:18:58 PST"]
[Termination "Game drawn by stalemate"]

1. e4 c5 2. Nf3 e6 3. d4 cxd4 4. Nxd4 a6 5. c4 d6 6. Nc3 Nf6 7. a3 b6 8. Qd3 Bb7 9. f4 Nbd7 10. b4 Rc8 11. Be2 h5 12. Bb2 Qc7 13. h3 e5 14.
Nf5 g6 15. Ne3 exf4 16. Ncd5 Qd8 17. Nxf4 Ne5 18. Bxe5 dxe5 19. Qxd8+ Rxd8 20. Nfd5 Nxe4 21. Nxb6 Bh6 22. Nbd5 Ng3 23. Rg1 f5 24. Kf2 f4 25.
Nc7+ Kf7 26. Ned5 e4 27. Rgd1 e3+ 28. Ke1 g5 29. Bf3 Bg7 30. Rac1 g4 31. Be2 Bb2 32. Rc2 Bxa3 33. Ra2 Bxd5 34. Nxd5 Rxd5 35. Rxd5 Bxb4+ 36. Kd1 a5 37. c5 f3 38. gxf3 gxh3 39. Bc4 Kf6 40.
Rd6+ Ke5 41. Re6+ Kf5 42. Rd6 e2+ 43. Bxe2 h2 44. Bd3+ Kf4 45. Rxh2 Bxc5 46. Rd5 Bb4 47. Be4 h4 48. Rd7 h3 49. Rf7+ Ke3 50. Rg7 Bd6 51.
Rg6 Bf4 52. Re6 Nf1 53. Bf5+ Kxf3 54. Rxh3+ Rxh3 55. Bxh3 Ne3+ 56. Kc1 Kg3 57. Re4 Nd5+ 58. Rxf4 Kxf4 59. Bd7 Ke4 60. Bc6 Kd4 61. Bxd5 Kxd5 62. Kb1 Kc4 63. Ka1 Kb3 64. Kb1 a4 65. Ka1 a3 66. Kb1 a2+ 67. Ka1 Ka3 1/2-1/2

[Event "*** Titled Tuesday Blitz"]
[Site "Chess.com"]
[Date "2021.03.02"]
[Round "2"]
[White "platy3"]
[Black "jerry_77"]
[Result "1/2-1/2"]
[WhiteElo "2824"]
[BlackElo "2465"]
[TimeControl "180+1"]
[EndTime "10:18:59 PST"]
[Termination "Game drawn by agreement"]

1. e4 c6 2. d4 d5 3. e5 c5 4. Nf3 Nc6 5. c3 Bg4 6. Be2 e6 7. O-O Nge7 8. dxc5 a5 9. Nd4 Bxe2 10.
Qxe2 Ng6 11. Nxc6 bxc6 12. b4 axb4 13. cxb4 Qb8 14. a3 Qxe5 15. Ra2 Qxe2 16. Rxe2 Kd7 17.
Nd2 Be7 18. f4 Nh4 19. g3 Nf5 20. Nf3 f6 21. Rfe1 Rhe8 22. g4 Nh6 23. h3 Nf7 24. Kg2 Bd8 25. Nd4 e5 26. fxe5 fxe5 27. Nf3 e4 28. Nd4 Bf6 29. Nf5 Ne5 30. Rd1 Nd3 31. Nd6 Nxc1 32. Rxc1 Re6 33. Rd1 Kc7 34.
Re3 Be5 35. Nf5 g6 36. Nd4 Rf6 37. b5 Bxd4 38. Rxd4 Rf3 39. Rxf3 exf3+ 40. Kxf3 Rxa3+ 41. Kg2 cxb5 42. Rxd5 Kc6 43. Re5 Ra7 44. Kf3 b4 45.
Ke3 b3 46. Kd2 b2 47. Kc2 Rb7 48. Kb1 Kb5 49. h4 Kc6 50. h5 gxh5 51. gxh5 Rb5 52. h6 Rxc5 53. Re7 Rh5 54. Rxh7 Rh2 55. Rh8 Kb7 56.
Ka2 Ka7 57. Kb1 Kb7 58. h7 Ka7 59. Rg8 Rxh7 60. Kxb2 Rh2+ 61. Kb3 Kb6 62. Kc4 Kc6 63. Rg6+ Kd7 64. Rg4 Ke6 65. Rd4 Ke5 66. Rd5+ Ke4 67. Rd4+ Ke5 68. Rd5+ Ke6 69. Rd4 Rc2+ 1/2-1/2

[Event "*** Titled Tuesday Blitz"]
[Site "Chess.com"]
[Date "2021.03.02"]
[Round "2"]
[White "AttilaTurzo"]
[Black "DrVelja"]
[Result "0-1"]
[WhiteElo "2539"]
[BlackElo "2850"]
[TimeControl "180+1"]
[EndTime "10:19:00 PST"]
[Termination "DrVelja won by resignation"]

1. d4 Nf6 2. Nf3 g6 3. Bg5 Bg7 4. c3 O-O 5. Nbd2 d6 6. e4 h6 7. Bh4 c5 8. dxc5 dxc5 9. Be2 Nc6 10. O-O Nh5 11. Qc2 Nf4 12. Bc4 Na5 13. Rfd1 Qc7 14.
Bf1 Nh5 15. Bg3 Nxg3 16. hxg3 Be6 17. Re1 Rad8 18. Qa4 a6 19. Qc2 b5 20. a4 c4 21.
axb5 axb5 22. Rad1 Nb7 23. Nb1 Nc5 24. Nd4 Bg4 25.
f3 Bd7 26. Qf2 e5 27. Nc2 f5 28. exf5 Bxf5 29. Nb4 Bd3 30. Nd2 e4 31. Bxd3 exd3 32. Ne4 Nb3 33. Na6 Qc6 34. Nac5 Nxc5 35. Qxc5 Qxc5+ 36. Nxc5 Rfe8 37. Ne6 Rd6 38. Nxg7 Rxe1+ 39. Rxe1 Kxg7 40. Kf2 Kf6 41. g4 Re6 42. Rxe6+ Kxe6 43. g3 h5 44. gxh5 gxh5 45. Ke3 Kf5 46. Kd2 Kg5 47. Ke3 h4 48. gxh4+ Kxh4 49. Kf2 Kh3 50. Ke3 Kg3 51. b3 Kh4 52. bxc4 bxc4 53. Kf2 Kg5 54. Ke3 Kf5 55.
f4 Kg4 56. Kd2 Kxf4 57. Kd1 Ke3 58. Ke1 Ke4 59. Kd2 Kf3 60. Kd1 Ke3 61. Ke1 d2+ 62. Kd1 Ke4 63. Kxd2 Kf3 64. Kd1 Ke3 65. Kc2 Ke2 66.
Kc1 Kd3 67. Kb2 Kd2 68. Kb1 Kxc3 69. Kc1 Kd3 70. Kd1 c3 71. Kc1 c2 0-1

[Event "*** Titled Tuesday Blitz"]
[Site "Chess.com"]
[Date "2021.03.02"]
[Round "2"]
[White "Funo09"]
[Black "Cptn2"]
[Result "1-0"]
[WhiteElo "2728"]
[BlackElo "2342"]
[TimeControl "180+1"]
[EndTime "10:19:00 PST"]
[Termination "Funo09 won by checkmate"]

1. g4 d5 2. Bg2 Bxg4 3. c4 e6 4. Qb3 Nc6 5. cxd5 exd5 6. Nc3 Nf6 7. Nxd5 Nxd5 8. Bxd5 Bd6 9. Qxb7 Nb4 10. Qxa8 Qxa8 11. Bxa8 Nc2+ 12. Kd1 Nxa1 13. b3 Be5 14. Nf3 Bf6 15. Rg1 h5 16. Bc6+ Kf8 17. Ba3+ Kg8 18.
h3 Bxh3 19. d4 Be6 20. Bb2 Nxb3 21. axb3 Bxb3+ 22. Kc1 h4 23. Rh1 Be6 24. d5 Bxb2+ 25. Kxb2 Bg4 26. Rxh4 Rxh4 27. Nxh4 Bxe2 28. Kc3 g6 29.
Ng2 Kg7 30. Ne3 Bf3 31. Kd4 Kf6 32. Nc4 Ke7 33. d6+ cxd6 34. Bxf3 f5 35. Na5 Kf6 36. Nc6 a6 37. Be2 g5 38. Bxa6 g4 39. Bf1 Kg5 40. Ne7 f4 41. Ke4 g3 42. f3 Kh4 43. Nf5+ Kg5 44.
Nxd6 Kf6 45. Kxf4 g2 46. Bxg2 Ke6 47. Ne4 Kd5 48. Ke3 Ke5 49. f4+ Ke6 50. Bh3+ Ke7 51.
f5 Kf7 52. Kf4 Kf8 53. Ke5 Ke8 54. Bg4 Kf8 55. Be2 Ke8 56. Bc4 Kf8 57. f6 Ke8 58. Kf5 Kf8 59. Kg6 Ke8 60. Kg7 Kd7 61. f7 Kc7 62.
f8=Q Kb6 63. Qc5+ Kb7 64. Bd5+ Kb8 65. Qb6+ Kc8 66. Be6# 1-0

[Event "*** Titled Tuesday Blitz"]
[Site "Chess.com"]
[Date "2021.03.02"]
[Round "2"]
[White "ENajer77"]
[Black "BogdanDeac"]
[Result "1/2-1/2"]
[WhiteElo "2597"]
[BlackElo "2980"]
[TimeControl "180+1"]
[EndTime "10:19:01 PST"]
[Termination "Game drawn - insufficient material"]

1. d4 Nf6 2. c4 g6 3. Nc3 d5 4. Nf3 Bg7 5. Qb3 dxc4 6. Qxc4 Be6 7. Qd3 c5 8. e4 cxd4 9. Nxd4 Bd7 10. Be2 Nc6 11.
Nxc6 Bxc6 12. Qxd8+ Rxd8 13. f3 Nh5 14. Be3 Bd4 15.
Kf2 Nf4 16. Bxd4 Rxd4 17. Rhd1 e5 18. Bf1 Ke7 19. g3 Ne6 20. Nd5+ Bxd5 21. exd5 Rd8 22. Rxd4 Nxd4 23. Bc4 b5 24. Bb3 a5 25. Ke3 a4 26.
Bd1 Rxd5 27. Rc1 Kd6 28. Rc8 Nf5+ 29. Ke2 Rc5 30. Rh8 h5 31. Rb8 Nd4+ 32. Kd2 Ke7 33. Rb7+ Ke6 34. Rb6+ Rc6 35. Rb8 f5 36. b3 axb3 37.
Bxb3+ Ke7 38. Bd1 Rd6 39. Ke3 Nc6 40. Rb7+ Rd7 41. Rxd7+ Kxd7 42. f4 Kd6 43. Bb3 e4 44.
Bf7 Ne7 45. Kd4 Nc6+ 46. Ke3 Ne7 47. Kd4 b4 48. Be8 Ke6 49. Kc4 Kf6 50. Kxb4 h4 51. a4 hxg3 52. hxg3 Nd5+ 53. Kc4 e3 54. Kd3 g5 55.
Bb5 gxf4 56. gxf4 Nxf4+ 57. Kxe3 Ke5 58. Bc4 Nd5+ 59. Bxd5 Kxd5 60. Kf4 Kc5 61. Kxf5 Kb4 62. Ke5 Ka5 63. Kd4 Kxa4 1/2-1/2

[Event "*** Titled Tuesday Blitz"]
[Site "Chess.com"]
[Date "2021.03.02"]
[Round "2"]
[White "Onischuk_V"]
[Black "PotapovaM"]
[Result "1-0"]
[WhiteElo "2826"]
[BlackElo "2530"]
[TimeControl "180+1"]
[EndTime "10:19:01 PST"]
[Termination "Onischuk_V won by resignation"]

1. Nf3 Nf6 2. g3 d5 3. Bg2 e6 4.
O-O c5 5. d3 Nc6 6. Nbd2 g6 7.
e4 Bg7 8. exd5 Nxd5 9. Nb3 b6 10. d4 cxd4 11. Nfxd4 Bb7 12. Nxc6 Bxc6 13. Nd4 Bd7 14.
Bxd5 exd5 15. Re1+ Kf8 16. Bf4 Kg8 17. Be5 Bxe5 18.
Rxe5 Qf6 19. Rxd5 Bh3 20. Qf3 Qxf3 21. Nxf3 Kg7 22. Re1 Rhe8 23. Rde5 Rxe5 24. Nxe5 Rd8 25. Nd3 Rc8 26. Re2 Bg4 27. Rd2 Rd8 28. Kg2 Be6 29.
b3 Bd5+ 30. f3 g5 31. Kf2 Bc6 32. Re2 Rc8 33. c4 Rc7 34. Re5 f6 35. Re6 Kf7 36.
Rd6 Ke7 37. Rd4 Ke6 38. f4 h5 39. Ke3 Kf5 40. fxg5 fxg5 41. Nb4 Re7+ 42. Kf2 Bb7 43. Nd5 Rf7 44. Ke3 Ke5 45. Rd1 g4 46. Nf4 Bf3 47. Rd8 h4 48. Ng6+ Kf6 49. Nxh4 Re7+ 50. Kd3 Re1 51. Nxf3 gxf3 52. Rf8+ Ke5 53. Rxf3 Rh1 54. Rf2 a6 55. Re2+ Kd6 56. Ke3 Kc5 57. Kf4 Rf1+ 58. Kg5 Rf8 59. g4 Kd4 60. h4 Kd3 61. Re6 Rg8+ 62. Rg6 Rf8 63. h5 Re8 64. h6 Ke4 65. h7 1-0

[Event "*** Titled Tuesday Blitz"]
[Site "Chess.com"]
[Date "2021.03.02"]
[Round "2"]
[White "HackingKid98"]
[Black "HrvojeZagreb"]
[Result "1/2-1/2"]
[WhiteElo "2455"]
[BlackElo "2264"]
[TimeControl "180+1"]
[EndTime "10:19:01 PST"]
[Termination "Game drawn by stalemate"]

1. Nf3 f5 2. d4 Nf6 3. g3 e6 4.
Bg2 Be7 5. O-O O-O 6. c4 d6 7.
Nc3 Ne4 8. Qc2 Nxc3 9. bxc3 Bf6 10. e4 Nc6 11. Re1 e5 12. c5 Kh8 13. cxd6 cxd6 14.
Bb2 Qe8 15. dxe5 dxe5 16. exf5 Qh5 17. Qb3 Qxf5 18. Nd2 Rb8 19. Ne4 Qh5 20. Nxf6 Rxf6 21. Rad1 Bh3 22. Bxh3 Qxh3 23. Bc1 Rbf8 24. Be3 Na5 25.
Qd5 Nc6 26. Qg2 Qh5 27. Rd5 Qf7 28. Red1 h6 29. a4 a6 30. h4 Kh7 31. a5 Qh5 32.
Qe4+ Qg6 33. Qxg6+ Kxg6 34. Rd7 Kh7 35. Rxb7 Nxa5 36.
Ra7 Nc4 37. Bc5 R8f7 38. Rdd7 Rxd7 39. Rxd7 e4 40. Ra7 Re6 41. Be3 Nxe3 42. fxe3 Rc6 43.
Kf2 Rxc3 44. Rxa6 Rc2+ 45. Kf1 Rc1+ 46. Ke2 Rc2+ 47. Ke1 Rc1+ 48. Kf2 Rc2+ 49. Ke1 Rc1+ 50. Kd2 Rg1 51. Re6 Rxg3 52. Rxe4 h5 53. Kd3 Rg4 54. Rf4 Rxf4 55. exf4 Kg6 56. Ke4 Kf6 57. f5 g6 58.
fxg6 Kxg6 59. Ke5 Kh6 60. Kf6 Kh7 61. Kg5 Kh8 62. Kxh5 Kg8 63. Kg5 Kh8 64. h5 Kg8 65. h6 Kh8 66. Kg6 Kg8 67. h7+ Kh8 68. Kh6 1/2-1/2

[Event "*** Titled Tuesday Blitz"]
[Site "Chess.com"]
[Date "2021.03.02"]
[Round "2"]
[White "Shield12"]
[Black "IriBu"]
[Result "0-1"]
[WhiteElo "2833"]
[BlackElo "2555"]
[TimeControl "180+1"]
[EndTime "10:19:02 PST"]
[Termination "IriBu won on time"]

1. e4 c5 2. Nf3 Nc6 3. Bb5 g6 4. Bxc6 bxc6 5. O-O Bg7 6. Re1 Nh6 7. h3 O-O 8. c3 f5 9. e5 d6 10. d4 cxd4 11.
cxd4 c5 12. dxc5 dxc5 13. Qc2 Qc7 14. Nc3 Bb7 15. Ng5 Qc6 16. f3 Nf7 17. Nxf7 Kxf7 18.
Bf4 Rfd8 19. Rad1 Rd4 20. Be3 Rxd1 21. Rxd1 Bxe5 22. Nd5 e6 23. Nf4 c4 24. Ne2 Qc7 25. Bd4 Bd5 26. Qc3 Bxd4+ 27. Qxd4 Rb8 28. Nc3 Qb6 29.
Qxb6 Rxb6 30. Rd2 Ke7 31. Rxd5 exd5 32. Nxd5+ Kd6 33. Nxb6 axb6 34. Kf2 Ke5 35. Ke3 f4+ 36. Kd2 Kd4 37. h4 h6 38. a4 g5 39. h5 Kd5 40.
Kc3 Kc5 41. b4+ cxb3 42. Kxb3 Kd4 43. Kb4 Ke3 44. Kb5 Kf2 45. Kxb6 Kxg2 46. a5 Kxf3 47. a6 Ke2 48. a7 f3 49. a8=Q f2 50. Qe4+ Kd1 51.
Qf3+ Ke1 52. Qe3+ Kf1 53. Kc5 g4 54. Qxh6 Kg2 55. Qd2 Kg1 56. Qe3 Kg2 57. Qe2 g3 58. h6 Kg1 59. h7 f1=Q 60. Qxf1+ Kxf1 0-1

[Event "*** Titled Tuesday Blitz"]
[Site "Chess.com"]
[Date "2021.03.02"]
[Round "2"]
[White "VladaSviridova"]
[Black "HajiyevKanan"]
[Result "1-0"]
[WhiteElo "2236"]
[BlackElo "2426"]
[TimeControl "180+1"]
[EndTime "10:19:02 PST"]
[Termination "VladaSviridova won by checkmate"]

1. d4 c6 2. c4 d5 3. Nf3 Nf6 4. Nc3 g6 5. e3 Bg7 6. Bd3 O-O 7. O-O Bf5 8. Bxf5 gxf5 9. b3 e6 10. Bb2 Nbd7 11. Rc1 Re8 12. Ne2 Ne4 13. Nf4 Kh8 14. Ne5 Nxe5 15. dxe5 h6 16. Nh5 Rg8 17. f3 Ng5 18. Kh1 Qc7 19. Nxg7 Kxg7 20. h4 Nh7 21. cxd5 exd5 22. Qxd5 Kg6 23. Qc4 Nf8 24. Qf4 Ne6 25. h5+ Kh7 26. Qxf5+ Kh8 27. Qf6+ Kh7 28. f4 Rg3 29. f5 Ng5 30. e6 Rg8 31. exf7 Qxf7 32.
Qxf7+ Nxf7 33. Rc2 R8g5 34. e4 Rxh5+ 35. Kg1 Nd6 36.
Rf4 Re3 37. f6 Rxe4 38. Rxe4 Nxe4 39. f7 Rf5 40. Re2 Ng5 41. Re8 Rxf7 42. Rh8+ Kg6 43. g4 Nf3+ 44. Kg2 Ne1+ 45. Kg3 Nd3 46. Rg8+ Kh7 47.
Bd4 Rd7 48. Rh8+ Kg6 49. Bc3 Kf7 50. Rh7+ Ke6 51. Rxh6+ Kd5 52. Rh5+ Ke4 53. Rh8 b5 54.
Re8+ Kd5 55. g5 b4 56. Ba1 c5 57. g6 Ne5 58. Rxe5+ Kd6 59. Rf5 Re7 60. Rf6+ Kd5 61.
Rf7 Re1 62. g7 Rxa1 63. Rd7+ Kc6 64. Kh2 Rxa2+ 65. Kh3 Ra1 66. Kg2 Ra2+ 67. Kf3 Ra1 68. g8=Q Kxd7 69. Qg7+ Kc6 70. Qxa1 Kb5 71. Qa4+ Kb6 72.
Ke4 a6 73. Kd5 c4 74. bxc4 a5 75. Qb5+ Kc7 76. c5 a4 77. Qb6+ Kc8 78. c6 b3 79.
Qb7+ Kd8 80. Qd7# 1-0

[Event "*** Titled Tuesday Blitz"]
[Site "Chess.com"]
[Date "2021.03.02"]
[Round "2"]
[White "AlexPapasimakopoulos"]
[Black "LyonBeast"]
[Result "0-1"]
[WhiteElo "2599"]
[BlackElo "3112"]
[TimeControl "180+1"]
[EndTime "10:19:03 PST"]
[Termination "LyonBeast won by resignation"]

1. d4 f5 2. e4 fxe4 3. Nc3 Nf6 4. Bg5 Nc6 5. d5 Ne5 6. Qd4 Nf7 7. h4 c5 8. Qxc5 e5 9. Qe3 Bb4 10. Bxf6 Qxf6 11. Ne2 O-O 12. a3 Ba5 13. O-O-O Nd6 14. Nxe4 Nxe4 15. Qxe4 d6 16. Qa4 Bb6 17. f3 Bf5 18.
Nc3 Rac8 19. Bd3 Rxc3 20. bxc3 Bc8 21. Qe4 Qh6+ 22. Kb2 Rf4 23. Qe2 Bc5 24. c4 Qf6 25.
Be4 Qd8 26. Qd3 h6 27. g4 Bd7 28. g5 h5 29. g6 Qa5 30. Ka2 Rf8 31. Rb1 Qa6 32. Rh2 Rf4 33. Rhh1 b6 34. Rh2 Qc8 35. Rhh1 Qd8 36. Rh2 Bd4 37. Qb3 Kf8 38. Qb4 Bc5 39. Qe1 Qc8 40. Rb3 Ba4 41. Rb1 Ke8 42. Rg2 Qh3 43. Qg3 Qxh4 44. Qg5 Qxg5 45. Rxg5 Rh4 46. Rf5 Rh2 47. Rc1 Be3 48. Re1 Bh6 49. Kb1 Bd7 50.
Rf7 h4 51. Bf5 Bxf5 52. Rxf5 h3 53. Rh5 Ke7 54. Rh4 Kf6 55. Rg1 Bf4 56. Rh7 Rg2 57. Rh1 h2 58. Kb2 Kxg6 59. Rh8 Kf7 60. Rh7 Kf6 61.
Rh3 g5 62. Kb3 Kf5 63. c3 e4 64. fxe4+ Kxe4 65. Rh8 g4 66. c5 bxc5 67. Kc4 g3 68.
Rh7 Re2 69. Re7+ Kf3 70. Rf1+ Rf2 71. Rh1 g2 0-1

[Event "*** Titled Tuesday Blitz"]
[Site "Chess.com"]
[Date "2021.03.02"]
[Round "2"]
[White "chessablanca"]
[Black "GigaQuparadze"]
[Result "1-0"]
[WhiteElo "2602"]
[BlackElo "2960"]
[TimeControl "180+1"]
[EndTime "10:19:03 PST"]
[Termination "chessablanca won by resignation"]

1. Nf3 c5 2. c4 g6 3. e3 Nf6 4. d4 cxd4 5. exd4 d5 6. Nc3 Bg7 7. Bf4 O-O 8. Be2 dxc4 9. Bxc4 Nc6 10. O-O Bg4 11. d5 Na5 12. Be2 Rc8 13. Rc1 Nc4 14. Qa4 Nb6 15. Qxa7 Nbxd5 16. Be5 Nxc3 17. Bxc3 Qd5 18.
Rfd1 Qe4 19. Bd3 Qe6 20. Nd4 Qd5 21. f3 Ra8 22. Qb6 Bd7 23. a3 Ba4 24. b3 Nd7 25.
Qb4 Bxd4+ 26. Bxd4 Qxb3 27. Qxe7 Rfe8 28. Qh4 Qxa3 29.
Ra1 Qe7 30. Qxe7 Rxe7 31. Bb5 Nc5 32. Bxc5 Re5 33. Bxa4 Rxc5 34. Bb3 Rxa1 35. Rxa1 Rb5 36. Bc4 Rb4 37. Rc1 Kf8 38. Bd5 Rb5 39. Be4 h5 40. Kf2 b6 41. Rc2 Rb4 42. Ke3 Rb3+ 43. Kf4 Rb5 44. g4 g5+ 45. Ke3 hxg4 46. fxg4 Rb3+ 47.
Bd3 Rb4 48. Be4 Rb3+ 49. Kd4 Ke7 50. Rc7+ Kd6 51. Rxf7 Rb4+ 52. Ke3 Rb3+ 53. Bd3 Rb4 54. h3 Rb2 55. Rf5 Rh2 56. Rxg5 Rxh3+ 57. Kd4 Rg3 58. Rg6+ Ke7 59. Be4 b5 60. Ke5 b4 61. Bf5 Re3+ 62.
Kf4 Rc3 63. Rb6 b3 64. Kg5 Re3 65. Kg6 Kd8 66. g5 Kc7 67. Rb4 Kd6 68. Kf6 Kc5 69. Rb8 Kc4 70. g6 Kc3 71. g7 Rg3 72. g8=Q Rxg8 73.
Rxg8 1-0

[Event "*** Titled Tuesday Blitz"]
[Site "Chess.com"]
[Date "2021.03.02"]
[Round "2"]
[White "Forantes"]
[Black "dodorox"]
[Result "1-0"]
[WhiteElo "2415"]
[BlackElo "2164"]
[TimeControl "180+1"]
[EndTime "10:19:05 PST"]
[Termination "Forantes won on time"]

1. Nf3 e6 2. g3 d5 3. Bg2 Nf6 4. O-O c5 5. d4 Nc6 6. c4 dxc4 7. Qa4 Bd7 8. Qxc4 b5 9. Qd3 c4 10. Qd1 Rc8 11. a3 Be7 12. Nc3 a6 13. e4 Na5 14.
Bf4 Nb3 15. Rb1 Bc6 16. Ne5 Nxd4 17. Be3 Nb3 18. Nxc6 Qxd1 19. Rbxd1 Rxc6 20. e5 Nd5 21. Nxd5 exd5 22. Bxd5 Rc7 23. Bb6 Rc8 24. e6 O-O 25. exf7+ Kh8 26. Rfe1 Bc5 27. Bxc5 Nxc5 28. Re7 Nd3 29.
Rd2 Rcd8 30. Bc6 g6 31. Re8 Kg7 32. Rxf8 Rxf8 33. Be8 Ne5 34. Rd6 Nxf7 35. Bxf7 Rxf7 36. Rxa6 Rb7 37. Rc6 h6 38. f4 b4 39. Rxc4 bxa3 40. bxa3 Ra7 41. a4 Kf6 42. Kf2 Kf7 43. Kf3 Rb7 44. Ke4 Kf6 45. Rc6+ Kf7 46. a5 Ra7 47.
a6 Kg7 48. Rb6 Kf8 49. Rb7 Rxa6 50. Ke5 Ra5+ 51. Kf6 Ra6+ 52. Ke5 Kg8 53. Rd7 Ra5+ 54. Ke6 Ra6+ 55. Rd6 Ra7 56. Kf6 Kh7 57. Re6 Ra2 58.
Re7+ Kg8 59. Kxg6 Kf8 60. Rf7+ Kg8 61. Rc7 Kf8 62. f5 Rxh2 63. f6 1-0

[Event "*** Titled Tuesday Blitz"]
[Site "Chess.com"]
[Date "2021.03.02"]
[Round "2"]
[White "AliKa2810"]
[Black "GOGIEFF"]
[Result "0-1"]
[WhiteElo "2551"]
[BlackElo "2894"]
[TimeControl "180+1"]
[EndTime "10:19:06 PST"]
[Termination "GOGIEFF won on time"]

1. d4 Nf6 2. c4 e6 3. Nc3 Bb4 4. Qc2 d6 5. e3 O-O 6. Nf3 d5 7. a3 Be7 8. Bd3 c5 9. dxc5 Bxc5 10. O-O Nc6 11. Rd1 Qe7 12. b4 Bd6 13. Bb2 a5 14.
b5 Ne5 15. Nxe5 Bxe5 16. Na4 Bxb2 17. Qxb2 dxc4 18. Bxc4 Bd7 19. Rac1 Rad8 20. h3 h6 21. Rd4 e5 22. Rdd1 Bf5 23. b6 Ne4 24. Nc3 Rxd1+ 25.
Rxd1 Nxc3 26. Qxc3 Rc8 27. Qb3 Rc6 28. Bxf7+ Kh7 29.
Bd5 Bc2 30. Qb2 Rc5 31. Rc1 Rxd5 32. Qxc2+ e4 33. Qc7 Rd7 34. Qb8 Qxa3 35. Qc8 a4 36.
Qxd7 Qxc1+ 37. Kh2 Qb2 38. Qxb7 Qe5+ 39. g3 a3 40. Qa7 Qb2 41. Kg2 a2 42. b7 a1=Q 43. Qxa1 Qxa1 44. b8=Q Qf6 45. Qf4 Qe6 46. g4 Kg6 47.
Kg3 Qd5 48. h4 h5 49. gxh5+ Kxh5 50. Qg4+ Kh6 51. Qf4+ Kh5 52. Qc7 Kh6 53. Qe7 Qf5 54. Qe8 Qf3+ 55. Kh2 Qxf2+ 56. Kh3 Qf3+ 57. Kh2 Qf2+ 58.
Kh3 Qxe3+ 59. Kh2 Qf2+ 60. Kh3 Qf3+ 61. Kh2 Qf4+ 62. Kh3 Qf5+ 63. Kh2 Kh7 64. Qe7 Qg4 65.
Kh1 Kg6 66. Qe8+ Kf5 67. Qd7+ Kf4 68. Qf7+ Kg3 0-1

[Event "*** Titled Tuesday Blitz"]
[Site "Chess.com"]
[Date "2021.03.02"]
[Round "2"]
[White "Murad_Ibrahimli"]
[Black "aa175"]
[Result "1-0"]
[WhiteElo "2855"]
[BlackElo "2542"]
[TimeControl "180+1"]
[EndTime "10:19:07 PST"]
[Termination "Murad_Ibrahimli won by resignation"]

1. Nf3 Nf6 2. c4 g6 3. Nc3 d5 4. cxd5 Nxd5 5. Qb3 Nb6 6. h4 Be6 7. Qc2 h6 8. e3 Bg7 9. d4 O-O 10. Bd3 Nc6 11. a3 Bc4 12. Bxc4 Nxc4 13. Ne4 Nd6 14. h5 Nxe4 15. Qxe4 g5 16. Bd2 e6 17. Rc1 Qd7 18.
Rc5 f5 19. Qc2 Rac8 20. b4 Ne7 21. Ne5 Qd6 22. Nc4 Qd7 23. Ne5 Qd6 24. b5 a6 25. Bb4 a5 26. Rc6 axb4 27. Rxd6 cxd6 28. Qb3 dxe5 29. Qxe6+ Kh8 30. O-O Rfe8 31. axb4 exd4 32. exd4 Rcd8 33. Re1 Nd5 34. Qxe8+ Rxe8 35. Rxe8+ Kh7 36. Rb8 b6 37. Rb7 Nxb4 38. Rxb6 Bxd4 39. Rd6 Bc5 40. Rd7+ Kg8 41. Rc7 Bb6 42. Rc8+ Kf7 43. Rb8 Bc5 44. Rb7+ Kf6 45. Kf1 Nd3 46. Rh7 Nxf2 47. Rxh6+ Ke5 48.
Rg6 Ne4 49. Rh6 Kf4 50. Ke2 Ng3+ 51. Kd3 Kg4 52. Kc4 Bf2 53. Kd5 Nxh5 54. Ra6 Nf4+ 55. Ke5 Nxg2 56. Ra2 Bg3+ 57. Kf6 Ne3 58. Ra4+ Bf4 59.
Kg6 Kf3 60. b6 g4 61. Rxf4+ Kxf4 62. b7 Kf3 63. b8=Q f4 64. Kg5 g3 65. Qxf4+ Ke2 66.
Qxg3 Kd2 67. Kf4 Nf1 68. Qf2+ Kd3 69. Qxf1+ Kd4 70. Qe2 Kc5 1-0

[Event "*** Titled Tuesday Blitz"]
[Site "Chess.com"]
[Date "2021.03.02"]
[Round "2"]
[White "Aleksey_Sorokin"]
[Black "Brave_spirit12"]
[Result "1/2-1/2"]
[WhiteElo "2771"]
[BlackElo "2521"]
[TimeControl "180+1"]
[EndTime "10:19:08 PST"]
[Termination "Game drawn by stalemate"]

1. d4 Nf6 2. c4 e6 3. Nf3 d5 4.
g3 c6 5. Bg2 Be7 6. O-O O-O 7.
Qd3 b6 8. Nc3 Na6 9. e4 Bb7 10.
Rd1 c5 11. exd5 exd5 12. Bg5 Nb4 13. Qe2 Re8 14. a3 Ne4 15. axb4 Bxg5 16. Nxe4 Rxe4 17. Qc2 Bf6 18. bxc5 bxc5 19. Qb3 Rb8 20. Rxa7 dxc4 21. Qxc4 cxd4 22. Ng5 Re7 23. Nxf7 Rxf7 24. Rxb7 Rxb7 25. Bxb7 Kf8 26. Bd5 Rd7 27. Qc5+ Qe7 28. Qb5 Qd8 29. Bc4 g6 30. Rd3 Kg7 31. b3 Qe7 32. Qc6 Rd6 33. Qa8 Rd8 34. Qf3 h5 35. h4 Rf8 36.
Qd1 Be5 37. Rf3 Bf6 38. Bd3 Qb7 39. Qe2 Rc8 40. Be4 Rc1+ 41. Kg2 Qe7 42. Rd3 Rc3 43. Qf3 Qe5 44. b4 Qb5 45. Rxc3 dxc3 46. Bc2 Qxb4 47.
Qd5 Qe7 48. Qd3 Qb7+ 49. Kh2 Qf7 50. Qe4 Be7 51. Kg2 Bf6 52. f3 Kh6 53. Kh3 Kg7 54.
Bd3 Kh6 55. g4 hxg4+ 56. fxg4 Kg7 57. g5 Qd7+ 58. Kg3 Qd6+ 59. Kg4 Be5 60. h5 Qd4 61. Qxd4 Bxd4 62. Bxg6 Be3 63. Bc2 Kf7 64. Kf5 Bxg5 65. Kxg5 Kg7 66. h6+ Kh8 67. Bd3 Kg8 68. Bc2 Kh8 69.
Bd3 c2 70. Bxc2 Kg8 71. Bd3 Kh8 72. h7 Kg7 73. Kh5 Kh8 74. Kh6 1/2-1/2

[Event "*** Titled Tuesday Blitz"]
[Site "Chess.com"]
[Date "2021.03.02"]
[Round "2"]
[White "Iskusnyh"]
[Black "IngOscarArdila"]
[Result "0-1"]
[WhiteElo "2599"]
[BlackElo "2249"]
[TimeControl "180+1"]
[EndTime "10:19:08 PST"]
[Termination "IngOscarArdila won on time"]

1. d4 Nf6 2. c4 g6 3. g3 Bg7 4.
Bg2 O-O 5. Nc3 d6 6. Nf3 Nbd7 7. O-O e5 8. e4 exd4 9. Nxd4 Re8 10. h3 Nc5 11. Re1 a5 12. Ndb5 Bd7 13. Bf4 Bc6 14.
Qc2 Nh5 15. Be3 Nf6 16. f3 Qe7 17. Bf2 Rac8 18. Rad1 h5 19. Na7 Ra8 20. Nxc6 bxc6 21.
f4 Ne6 22. e5 Nd7 23. exd6 cxd6 24. Bxc6 Rac8 25. Bd5 Ndc5 26. f5 gxf5 27. Qxf5 Qg5 28. Qxg5 Nxg5 29. Kg2 Rxe1 30. Rxe1 Nd3 31. Re7 Nxf2 32.
Kxf2 Bf6 33. Ra7 Bd4+ 34. Ke2 Bxa7 35. h4 Ne6 36. Nb5 Bc5 37. Kf3 Kg7 38. Ke4 Kf6 39.
Nc3 Rb8 40. b3 Rg8 41. Kf3 Ke5 42. Ne4 Rg4 43. Nc3 Nd4+ 44. Kg2 f5 45. Na4 f4 46. Nb2 Rxg3+ 47. Kf1 f3 48. Nd3+ Kf5 49. a4 Rh3 50. Kf2 Nxb3+ 51. Nxc5 Nxc5 52. Bxf3 Rxh4 53. Ke3 Rxc4 54. Kf2 Rxa4 55. Bxh5 Kf4 56. Ke2 Re4+ 57. Kd2 Re3 58. Kc2 a4 59. Bf7 a3 60. Kd2 Ke4 61.
Kc2 Kd4 62. Kd2 d5 63. Kc2 Re2+ 64. Kb1 Rb2+ 65. Kc1 Nb3+ 66. Kd1 a2 0-1

[Event "*** Titled Tuesday Blitz"]
[Site "Chess.com"]
[Date "2021.03.02"]
[Round "2"]
[White "kingofthenil"]
[Black "zeitnot2006"]
[Result "1-0"]
[WhiteElo "2848"]
[BlackElo "2537"]
[TimeControl "180+1"]
[EndTime "10:19:11 PST"]
[Termination "kingofthenil won by resignation"]

1. e4 c5 2. d3 b6 3. g3 Bb7 4. Bg2 g6 5. f4 Bg7 6. Nf3 d5 7. exd5 Qxd5 8. Nc3 Qd7 9. O-O Nh6 10. Ne4 Nc6 11.
c3 Rd8 12. Nf2 O-O 13. Qe2 Ba6 14. Rd1 e6 15. g4 f5 16. h3 Rfe8 17. Be3 e5 18.
Nxe5 Nxe5 19. fxe5 Rxe5 20. Qf3 Nf7 21. Bf4 Re7 22. Qg3 Re2 23. Rd2 Rde8 24. Qf3 Rxd2 25. Bxd2 Ne5 26. Qd5+ Qxd5 27. Bxd5+ Kf8 28. gxf5 Rd8 29. c4 gxf5 30. Rf1 Rxd5 31. cxd5 Nf3+ 32. Kg2 Nxd2 33. Rd1 Bh6 34. Re1 Kf7 35. Re5 Bc8 36. d6 Bg5 37. Kg3 Bf6 38. Re1 Bxb2 39. Re2 Bc3 40.
Nd1 Bb4 41. Re7+ Kf6 42. d7 Bxd7 43. Rxd7 h5 44. Rxa7 Nf1+ 45. Kg2 Nd2 46. Rh7 Kg6 47. Rb7 Ba5 48. Ne3 Nb1 49. Nc4 Nc3 50. Nxa5 bxa5 51. a3 Kg5 52. Rc7 Na4 53. Kf3 Nb2 54. Rxc5 Nxd3 55.
Rxa5 Nb2 56. Ra8 Nc4 57. Kg3 f4+ 58. Kf3 Nd2+ 59. Ke2 Ne4 60. a4 Kh4 61. Kf3 Ng5+ 62. Kxf4 Nxh3+ 63. Kf3 Ng5+ 64. Kg2 Kg4 65. a5 h4 66. a6 h3+ 67. Kh1 Ne4 68. a7 Ng3+ 69.
Kh2 Nf1+ 70. Kg1 h2+ 71. Kg2 Ng3 72. Kxh2 1-0